 Dungeon Crawl Stone Soup version 0.30-a0-571-gdf30a72648 (webtiles) character file.

Game seed: 12744331454644839879

747 Newt the Chucker (level 7, -2/54 HPs)
             Began as a Demonspawn Gladiator on Dec 29, 2022.
             Succumbed to a scorpion's poison
             ... on level 5 of the Dungeon.
             The game lasted 00:04:46 (5528 turns).

Newt the Chucker (Demonspawn Gladiator)             Turns: 5528, Time: 00:04:47

Health: -2/54      AC:  5    Str: 16    XL:     7   Next: 48%
Magic:  7/7        EV: 12    Int: 10    God:
Gold:   223        SH:  0    Dex: 12    Spells: 6/6 levels left

rFire   + . .      SeeInvis .    o - +1 dagger (venom)
rCold   . . .      Faith    .    (no shield)
rNeg    . . .      Spirit   .    b - +0 leather armour
rPois   .          Reflect  .    (helmet restricted)
rElec   .          Harm     .    (no cloak)
rCorr   .          Rampage  .    (no gloves)
Will    .....      Clarity  +    (no boots)
Stlth   +                        (no amulet)
HPRegen 0.29/turn                m - ring of protection from fire
MPRegen 0.20/turn                (no ring)

@: confused, lethally poisoned (-2 -> -11)
A: hooves 1, horns 1, magic regeneration, weakness stinger 2, iridescent scales
1, clarity, clumsy 1, subdued magic 1
a: no special abilities


You were on level 5 of the Dungeon.
You visited 1 branch of the dungeon, and saw 5 of its levels.

You collected 223 gold pieces.

Inventory:

Hand Weapons
 a - a +0 rapier
 e - a +1 dagger of venom
 o - a +1 dagger of venom (weapon)
Missiles
 d - a throwing net (quivered)
Armour
 b - a +0 leather armour (worn)
 c - a +1 helmet
Jewellery
 m - a ring of protection from fire (left hand)
 r - a +6 ring of intelligence
Wands
 n - a wand of mindburst (20)
Scrolls
 g - a scroll of blinking
Potions
 f - a potion of flight
 h - a potion of haste
 i - a potion of might
 j - a potion of lignification
 k - a potion of mutation
 l - a potion of brilliance {unknown}
 p - a potion of heal wounds {unknown}
 q - a potion of resistance {unknown}


   Skills:
 - Level 4.0 Fighting
 - Level 4.0 Short Blades
 - Level 4.0 Throwing
 - Level 3.0 Armour
 * Level 3.6 Dodging
 - Level 3.0 Stealth


You had 6 spell levels left.
You didn't know any spells.
Your spell library contained the following spells:

 Spells                   Type           Power      Damage    Failure   Level
 Ensorcelled Hibernation  Hex/Ice        0%         N/A       52%         2
 Passwall                 Tmut/Erth      0%         N/A       52%         2
 Dazzling Flash           Conj/Hex       0%         N/A       77%         3
 Ozocubu's Armour         Ice            0%         N/A       77%         3
 Swiftness                Air            0%         N/A       77%         3
 Airstrike                Air            0%         2d(0-16)  99%         4
 Iskenderun's Mystic Bla  Conj/Tloc      0%         2d3       99%         4
 Summon Lightning Spire   Summ/Air       0%         N/A       99%         4
 Lightning Bolt           Conj/Air       0%         1d11      100%        5
 Metabolic Englaciation   Hex/Ice        0%         N/A       100%        5
 Simulacrum               Ice/Necr       0%         N/A       100%        6
 Starburst                Conj/Fire      0%         6d3       100%        6


Dungeon Overview and Level Annotations

Branches:
Dungeon (5/15)
 Temple: D:4-7

Altars:
Cheibriados
Xom


Innate Abilities, Weirdness & Mutations

You have large cloven feet.
You have a pair of small horns on your head.
You regenerate magic rapidly.
You have a tail ending in a sharp stinger.
You are partially covered in iridescent scales. (AC +2)
You possess an exceptional clarity of mind.
You are clumsy. (Dex -2)
Your spells are a little easier to cast, but a little less powerful.


Message History

The orc wizard hits you but does no damage.
The hound barely misses you. The hound attacks as you move away!
The hound barely misses you. The hound attacks as you move away!
The hound barely misses you.
You closely miss the orc wizard. Your kick misses the orc wizard.
Your headbutt misses the orc wizard.
The orc wizard is lightly wounded.
The hound bites you but does no damage. The hound bites you.
The hound attacks as you move away! The hound closely misses you.
Found a stone staircase leading down.
The orc wizard gestures wildly while chanting.
The orc wizard flickers and vanishes!
Deactivating autopickup; reactivate with Ctrl-A.
The hound barely misses you. The hound bites you. The scorpion stings you.
Something hits you. The hound bites you.
* * * LOW HITPOINT WARNING * * *
You hit the scorpion.
The scorpion is poisoned.
Your kick misses the scorpion. Your headbutt misses the scorpion.
The scorpion is moderately wounded.
The hound bites you but does no damage. The hound bites you.
* * * LOW HITPOINT WARNING * * *
The scorpion stings you.
* * * LOW HITPOINT WARNING * * *
Something hits you but does no damage. The hound bites you.
* * * LOW HITPOINT WARNING * * *
The hound barely misses you. The scorpion attacks as you move away!
The scorpion stings you.
* * * LOW HITPOINT WARNING * * *
You kill the hound!
The hound bites you.
* * * LOW HITPOINT WARNING * * *
The scorpion stings you.
* * * LOW HITPOINT WARNING * * *
You are lethally poisoned!
The scorpion poisons you!
It was a potion of mutation.
You feel extremely strange.
Iridescent scales grow over part of your body.
You feel clumsy.
Your connection to magic feels subdued.
Your thoughts seem clearer.
You die...

##........... ...
#........... ...#
#..........# ...#
...........# ...#
...........## ...
............##.#
............#..##
..........{s@..<#...
...##......h........ .
..####..=.........> ..
##.# #..........###
..###..# ##...........#
.......# #............#
.....<.###.......#....#
..##...........####..##
##......#....# ###


You could see a scorpion (very poisoned) and a hound.

Vanquished Creatures
  A black bear (D:3)
  An ogre (D:4)
  A centaur (D:5)
  A necrophage (D:4)
  A jelly (D:4)
  2 hounds
  2 orc priests
  Natasha (thrice) (D:4)
  An iguana (D:5)
  An orc wizard (D:3)
  3 gnolls (D:4)
  3 adders
  4 worms
  2 dart slugs (D:1)
  11 orcs
  9 endoplasms
  4 giant cockroaches
  14 goblins
  4 hobgoblins
  2 jackals (D:1)
  3 quokkas
  4 ball pythons
  3 bats
  A frilled lizard (D:1)
  5 kobolds
  5 rats
91 creatures vanquished.

Vanquished Creatures (collateral kills)
  A hobgoblin (D:3)
1 creature vanquished.

Grand Total: 92 creatures vanquished

Notes
Turn   | Place    | Note
-------+----------+-------------------------------------------
     0 | D:1      | Newt the Demonspawn Gladiator began the quest for the Orb.
     0 | D:1      | Reached XP level 1. HP: 16/16 MP: 1/1
    23 | D:1      | Reached skill level 1 in Stealth
    61 | D:1      | Discovered your monstrous ancestry.
    61 | D:1      | Gained mutation: You have a small tail. [demonic ancestry]
    61 | D:1      | Reached XP level 2. HP: 21/22 MP: 2/2
   835 | D:1      | Gained mutation: You have large cloven feet. [demonic
                  | ancestry]
   835 | D:1      | Reached XP level 3. HP: 27/27 MP: 3/3
  1870 | D:2      | Gained mutation: You have a tail ending in a sharp stinger.
                  | [demonic ancestry]
  1870 | D:2      | Reached XP level 4. HP: 33/33 MP: 4/4
  2230 | D:3      | Noticed a black bear
  2253 | D:3      | Killed a black bear
  2254 | D:3      | Reached XP level 5. HP: 8/38 MP: 5/5
  3577 | D:4      | Gained mutation: You have a pair of small horns on your
                  | head. [demonic ancestry]
  3577 | D:4      | Reached XP level 6. HP: 15/47 MP: 6/6
  3769 | D:4      | Noticed Natasha
  3783 | D:4      | Killed Natasha
  3944 | D:4      | HP: 2/48 [gnoll/+0 spear (6)]
  3961 | D:4      | Noticed Natasha
  4060 | D:4      | Killed Natasha
  4085 | D:4      | Noticed Natasha
  4096 | D:4      | Killed Natasha
  4346 | D:4      | Found a snail-covered altar of Cheibriados.
  4346 | D:4      | Found a shimmering altar of Xom.
  4449 | D:4      | Reached skill level 1 in Armour
  4449 | D:4      | Gained mutation: You regenerate magic rapidly. [demonic
                  | ancestry]
  4449 | D:4      | Reached XP level 7. HP: 54/54 MP: 7/7
  4727 | D:5      | Entered Level 5 of the Dungeon
  5527 | D:5      | HP: 1/54 [scorpion (4)]
  5528 | D:5      | Gained mutation: You are partially covered in iridescent
                  | scales. (AC +2) [potion of mutation]
  5528 | D:5      | Gained mutation: You are clumsy. (Dex -2) [potion of
                  | mutation]
  5528 | D:5      | Gained mutation: Your spells are a little easier to cast,
                  | but a little less powerful. [potion of mutation]
  5528 | D:5      | Gained mutation: You possess an exceptional clarity of
                  | mind. [potion of mutation]
  5528 | D:5      | Succumbed to a scorpion's poison

Illustrated notes

Levels and vault maps discovered:
D:1:      lemuel_arrival_rhombus, layout_basic
D:2:      layout_basic, minmay_goblin_outpost
D:3:      layout_basic
D:4:      layout_gridville, gammafunk_temple_overflow_elements, uniq_natasha
D:5:      layout_cave_pools, minmay_temple_entry_tees, serial_bayou_crossing

Skill      XL: |  1  2  3  4  5  6  7 |
---------------+----------------------+-----
Stealth        | 1 2 3 |  3.0
Throwing       | 2 4 |  4.0
Fighting       | 4 |  4.0
Short Blades   | 4 |  4.0
Armour         | 1 3 |  3.0
Dodging        | 3 |  3.6

Action                   |  1- 3 |  4- 6 |  7- 9 || total
-------------------------+-------+-------+-------++-------
Melee: Rapier            |    91 |       |       ||    91
       Tailslap          |     9 |    19 |     6 ||    34
       Kick              |    12 |    34 |    12 ||    58
       Dagger            |     4 |   122 |    33 ||   159
       Punch             |     1 |       |     1 ||     2
       Headbutt          |       |     5 |    10 ||    15
Throw: Throwing net      |     1 |     3 |       ||     4
       Javelin           |     1 |       |       ||     1
  Use: Scroll            |     4 |     5 |     4 ||    13
       Potion            |       |       |     1 ||     1
 Stab: Sleeping          |     4 |     5 |       ||     9
       Held in net/web   |       |     1 |       ||     1
Armor: Leather armour    |    20 |    32 |    13 ||    65
Dodge: Dodged            |    59 |    61 |    41 ||   161

Table legend: (Time is in decaauts)
 A = Elapsed time spent in this place.
 B = Non-inter-level travel time spent in this place.
 C = Inter-level travel time spent in this place.
 D = Time resting spent in this place.
 E = Time spent auto-exploring this place.
 F = Levels seen in this place.
 G = Mean time per level.
                   A        B        C        D        E       F      G
               +--------+--------+--------+--------+--------+-----+--------+
         Total |   5518 |   5369 |    149 |   1580 |   3122 |   5 | 1103.6 |
       Dungeon |   5518 |   5369 |    149 |   1580 |   3122 |   5 | 1103.6 |
               +--------+--------+--------+--------+--------+-----+--------+

Top non-repeatable levels by time:
     D:4: 1889 daAuts
     D:3: 1411 daAuts
     D:2: 1150 daAuts
     D:1: 940 daAuts
     D:5: 126 daAuts
